Map: 베를린그라드 - 래더

Players

DPGherO (herO)

  • Race: Protoss Protoss
  • League: Master

DPGZest (Zest) - Winner!

  • Race: Protoss Protoss
  • League: Master

Event: DreamHack SC2 Masters Last Chance 2022

VOD

Have the link to the VOD?

Description

Time

  • Played on: Dec. 15, 2021, 4:59 a.m.
  • Length: 6:56

All games in this series

Show
View Real Time Build Order
Export as new Build Order

DPGherO Protoss 

Build Orders: Oracle Opening 

Get SALT Encoding   

  12  0:00  Probe  
  13  0:12  Probe  
  14  0:16  Pylon  
  14  0:24  Probe (Chrono Boost)  
  16  0:36  Gateway, Probe (Chrono Boost)  
  16  0:43  Probe (Chrono Boost)  
  16  0:46  Assimilator  
  17  0:50  Probe  
  18  0:58  Assimilator  
  18  1:03  Probe (Chrono Boost)  
  19  1:07  Gateway  
  19  1:12  Probe (Chrono Boost)  
  19  1:17  Probe (Chrono Boost)  
  20  1:24  Cybernetics Core  
  21  1:29  Probe  
  22  1:35  Pylon  
  22  1:41  Probe  
  23  1:53  Probe  
  24  2:00  Stalker x2  
  28  2:04  Warp Gate  
  28  2:12  Pylon  
  28  2:17  Shield Battery  
  28  2:30  Stalker  
  28  2:31  Stalker  
  32  2:42  Stargate  
  32  3:07  Nexus  
  32  3:19  Probe  
  33  3:22  Oracle (Chrono Boost)  
  36  3:29  Twilight Council  
  36  3:31  Probe  
  37  3:36  Pylon  
  37  3:43  Probe  
  38  3:56  Stalker x2  
  38  3:57  Probe  
  43  4:06  Gateway  
  43  4:08  Blink (Chrono Boost)  
  37  4:31  Stalker  
  37  4:32  Stalker  
  37  4:35  Probe  
  37  4:38  Probe  
  43  4:55  Stalker x2  
  40  5:07  Probe x2  
  39  5:18  Stalker x3  
  39  5:21  Probe  
  45  5:31  Shield Battery  
  40  5:43  Stalker x2  
  40  5:44  Adept  
  44  5:51  Probe x2  
  41  6:03  Probe x2  
  43  6:09  Stalker  
  45  6:11  Stalker  
  47  6:19  Probe x2  
  45  6:34  Probe x2  
  47  6:41  Sentry x2  
  47  6:43  Shield Battery  
Show
View Real Time Build Order
Export as new Build Order

DPGZest Protoss - Winner!

Build Orders: Blink Stalkers 

Get SALT Encoding   

  12  0:00  Probe  
  13  0:12  Probe  
  14  0:17  Pylon  
  14  0:24  Probe (Chrono Boost)  
  15  0:36  Probe (Chrono Boost)  
  15  0:37  Gateway  
  16  0:44  Probe (Chrono Boost)  
  16  0:45  Assimilator  
  17  0:51  Probe  
  18  1:03  Probe (Chrono Boost)  
  19  1:04  Assimilator  
  19  1:09  Gateway  
  19  1:12  Probe (Chrono Boost)  
  19  1:17  Probe (Chrono Boost)  
  20  1:24  Cybernetics Core  
  21  1:29  Probe  
  22  1:36  Pylon  
  22  1:41  Probe  
  23  1:54  Probe  
  23  2:00  Stalker x2  
  28  2:02  Warp Gate  
  28  2:13  Pylon  
  28  2:31  Sentry  
  30  2:37  Sentry  
  31  2:44  Probe  
  31  2:45  Nexus  
  32  2:51  Shield Battery  
  32  2:57  Adept  
  34  3:08  Twilight Council  
  34  3:10  Probe  
  35  3:18  Stalker  
  37  3:25  Pylon  
  37  3:37  Blink (Chrono Boost)  
  37  3:51  Probe  
  38  3:56  Stalker x2  
  42  4:18  Probe  
  42  4:19  Probe  
  41  4:27  Stalker  
  41  4:28  Stalker  
  41  4:31  Probe x2  
  47  4:32  Robotics Facility  
  47  4:43  Probe x2  
  49  4:51  Adept x2  
  53  4:55  Probe x2  
  49  5:07  Probe  
  49  5:11  Stalker x2  
  48  5:15  Gateway  
  48  5:16  Gateway  
  46  5:35  Stalker x2  
  46  5:37  Immortal (Chrono Boost)  
  54  5:43  Pylon  
  54  5:45  Probe x2  
  54  6:00  Stalker x2  
  54  6:05  Probe x2  
  54  6:06  Warp Prism (Chrono Boost)  
  54  6:08  Assimilator  
  58  6:11  Stalker  
  58  6:15  Stalker  
  58  6:33  Stalker  
  58  6:34  Stalker  
  62  6:42  Zealot x2  
  62  6:44  Probe x2  
  68  6:49  Pylon  

Tags
 
Add a new tag
Caveats
  • Supply blocks, unpowered buildings, or Contaminate may cause inaccurate times.
  • Supply counts are checked every 10 seconds.